 Dungeon Crawl Stone Soup version 0.31-a0-37-g98a128e1d9 (webtiles) character file.

Game seed: 10431738959570597088

55 CowFu the Slasher (level 3, -5/29 HPs)
             Began as a Demonspawn Fighter on May 16, 2023.
             Slain by a gnoll
             ... wielding a +0 spear
              (8 damage)
             ... on level 3 of the Dungeon.
             The game lasted 00:01:23 (1906 turns).

CowFu the Slasher (Demonspawn Fighter)              Turns: 1906, Time: 00:01:24

Health: -5/29      AC:  8    Str: 16 (18) XL:     3   Next: 67%
Magic:  3/3        EV:  8    Int:  6 (9)  God:
Gold:   88         SH:  4    Dex: 11 (12) Spells: 2/2 levels left

rFire   . . .        a - +0 long sword
rCold   . . .        c - +0 buckler
rNeg    . . .        q - +0 scale mail
rPois   .            (no helmet)
rElec   .            (no cloak)
rCorr   .            m - +0 pair of gloves
SInv    .            (no boots)
Will    .....        (no amulet) Stlth
                     (no ring)
HPRegen 0.24/turn    (no ring)
MPRegen 0.08/turn

%: no passive effects
@: no status effects
A: rugged brown scales 1
a: no special abilities


You were on level 3 of the Dungeon.
You visited 1 branch of the dungeon, and saw 3 of its levels.

You collected 88 gold pieces.

Inventory:

Hand Weapons
 a - a +0 long sword (weapon)
 b - a +1 short sword of venom
Armour
 c - a +0 buckler (worn)
 m - a +0 pair of gloves (worn)
 q - a +0 scale mail (worn)
Scrolls
 e - a scroll of brand weapon {unknown}
 g - a scroll of fear {unknown}
 l - a scroll of identify {unknown}
 p - a scroll of teleportation {unknown}
 r - a scroll of enchant armour {unknown}
 t - a scroll of blinking {unknown}
Potions
 d - a potion of might
 h - a potion of lignification {unknown}
 i - a potion of attraction {unknown}
 j - a potion of berserk rage {unknown}
 k - a potion of cancellation {unknown}
 n - a potion of degeneration
 o - a potion of flight {unknown}
 s - a potion of brilliance {unknown}


   Skills:
 - Level 3.0 Fighting
 + Level 3.7 Long Blades
 - Level 2.6 Armour
 - Level 2.6 Shields


You had 2 spell levels left.
You didn't know any spells.
Your spell library contained the following spells:

 Spells                   Type           Power      Damage    Failure   Level
 Apportation              Tloc           0%         N/A       93%         1
 Poisonous Vapours        Pois/Air       0%         N/A       98%         2
 Mephitic Cloud           Conj/Pois/Air  0%         N/A       100%        3
 Alistair's Intoxication  Tmut/Pois      0%         N/A       100%        5
 Freezing Cloud           Conj/Ice/Air   0%         6-21      100%        5


Dungeon Overview and Level Annotations

Branches:
Dungeon (3/15)

Altars:
Xom

Shops:
D:2 =


Innate Abilities, Weirdness & Mutations

You are partially covered in rugged brown scales. (AC +1, +3% HP)


Message History

t - a scroll labelled ICKASE URHYUPE No target in view!
A hobgoblin comes into view.
The hobgoblin shouts!
A gnoll comes into view. It is wielding a +0 flail.
There are monsters nearby! 2 gnolls come into view.
The gnoll shouts!
The gnoll moves out of view.
A gnoll comes into view. It is wielding a +0 halberd.
The gnoll shouts!
There are monsters nearby!
Okay, then.
The hobgoblin hits you but does no damage.
You hit the hobgoblin.
The hobgoblin is severely wounded.
The hobgoblin barely misses you.
You hit the hobgoblin.
You kill the hobgoblin!
You hit the gnoll.
The gnoll is lightly wounded.
The gnoll hits you with a +0 flail!
The gnoll hits you but does no damage. x2
The gnoll hits you with a +0 flail! The gnoll attacks as you move away!
The gnoll hits you but does no damage.
Found a stone staircase leading up.
The gnoll attacks as you move away! The gnoll hits you with a +0 flail.
* * * LOW HITPOINT WARNING * * *
The gnoll attacks as you move away! The gnoll hits you with a +0 flail!
* * * LOW HITPOINT WARNING * * *
The gnoll attacks as you move away! The gnoll hits you but does no damage.
Okay, then.
It was a potion of degeneration.
There was something very wrong with that liquid.
You feel weakened.
You feel dopey.
You feel clumsy. The gnoll hits you with a +0 flail.
* * * LOW HITPOINT WARNING * * *
It was a potion of curing.
You feel better. The gnoll hits you with a +0 flail!
* * * LOW HITPOINT WARNING * * *
The gnoll hits you from afar with a +0 spear!
You die...

..............
.............
.............
...gg........
.............## ....g....
...###### .
........#####.#....# .#
........#..g.gg.##.#####.#
#######.#.##.##g@....<...#
###g#.##<.+........###
#...#g#####........#
##.#...###..........+
#...................#
#.###.#.###.........# #.
#.#.# #.#.####### # #.#.#
#.#.# ..#.. ..#.#


You could see 4 gnolls.

Vanquished Creatures
  A gnoll (D:1)
  2 adders (D:2)
  7 ball pythons
  4 endoplasms
  A giant cockroach (D:1)
  A hobgoblin (D:3)
  2 kobolds
  2 quokkas
  3 frilled lizards
  A goblin (D:1)
  5 rats (D:1)
29 creatures vanquished.

Notes
Turn   | Place    | Note
-------+----------+-------------------------------------------
     0 | D:1      | CowFu the Demonspawn Fighter began the quest for the Orb.
     0 | D:1      | Reached XP level 1. HP: 18/18 MP: 1/1
   134 | D:1      | Gained mutation: You are partially covered in rugged brown
                  | scales. (AC +1, +3% HP) [demonic ancestry]
   134 | D:1      | Reached XP level 2. HP: 18/24 MP: 2/2
  1014 | D:2      | Found Ycruniq's Jewellery Emporium.
  1267 | D:2      | Reached XP level 3. HP: 29/29 MP: 3/3
  1608 | D:2      | Found a shimmering altar of Xom.
  1902 | D:3      | HP: 1/29 [gnoll/+0 flail (7)]
  1906 | D:3      | Slain by a gnoll

Illustrated notes

Levels and vault maps discovered:
D:1:      minmay_arrival_split_and_join, layout_loops_ring, supply_closet_lemuel
D:2:      layout_basic, serial_shops, shop, basic_altar
D:3:      layout_basic, minmay_misc_feat_cross, uniq_grinder, uniq_sigmund,
          uniq_robin

Skill      XL: |  1  2 |
---------------+-------+-----
Long Blades    | 2 3 |  3.7
Fighting       | |  3.0
Armour         | |  2.6
Shields        | |  2.6

Action                     || total
---------------------------++-------
  Melee: Long sword        ||    75
    Use: Potion            ||     2
 Armour: Scale mail        ||    44
  Dodge: Dodged            ||    48
  Block: Buckler           ||    15

Table legend: (Time is in decaauts)
 A = Elapsed time spent in this place.
 B = Non-inter-level travel time spent in this place.
 C = Inter-level travel time spent in this place.
 D = Time resting spent in this place.
 E = Time spent auto-exploring this place.
 F = Levels seen in this place.
 G = Mean time per level.
                   A        B        C        D        E       F      G
               +--------+--------+--------+--------+--------+-----+--------+
         Total |   1926 |   1904 |     22 |      0 |   1674 |   3 |  642.0 |
       Dungeon |   1926 |   1904 |     22 |      0 |   1674 |   3 |  642.0 |
               +--------+--------+--------+--------+--------+-----+--------+

Top non-repeatable levels by time:
     D:2: 1016 daAuts
     D:1: 864 daAuts
     D:3: 45 daAuts
